Map: Automaton LE

Players

EbonCobra

  • Race: Protoss Protoss
  • League: Platinum
  • Spawn Location: 3:00

MagicBunny - Winner!

  • Race: Protoss Protoss
  • League: Platinum
  • Spawn Location: 9:00

VOD

Have the link to the VOD?

Description

Time

  • Played on: March 24, 2019, 8:36 p.m.
  • Length: 4:48
Show
View Real Time Build Order
Export as new Build Order

EbonCobra Protoss 

Build Orders: Oracle Opening 

Get SALT Encoding   

  12  0:00  Probe  
  13  0:13  Probe  
  14  0:23  Pylon  
  14  0:26  Probe  
  15  0:38  Assimilator  
  15  0:41  Probe  
  16  0:47  Gateway  
  16  0:51  Probe  
  17  0:59  Probe  
  18  1:08  Probe, Pylon  
  19  1:20  Probe, Assimilator  
  20  1:31  Probe  
  21  1:32  Assimilator  
  21  1:39  Probe, Cybernetics Core  
  22  1:49  Probe  
  23  2:06  Warp Gate  
  23  2:08  Gateway x2  
  23  2:11  Probe  
  24  2:24  Stargate  
  24  2:27  Probe  
  25  2:34  Adept  
  27  2:49  Pylon  
  27  2:52  Probe  
  27  2:56  Stalker  
  30  3:00  Oracle  
  30  3:07  Adept  
  35  3:32  Adept  
  37  3:41  Pylon  
  31  4:14  Stalker x2  
Show
View Real Time Build Order
Export as new Build Order

MagicBunny Protoss - Winner!

Build Orders:  

Get SALT Encoding   

  12  0:01  Probe  
  13  0:13  Probe  
  14  0:19  Pylon  
  14  0:25  Probe  
  15  0:38  Gateway  
  15  0:40  Probe  
  16  0:51  Assimilator  
  16  0:52  Probe  
  17  1:04  Probe  
  17  1:07  Gateway  
  18  1:20  Probe  
  18  1:22  Pylon  
  19  1:28  Cybernetics Core  
  19  1:32  Probe  
  20  1:41  Warp Gate  
  20  1:46  Gateway  
  20  1:50  Probe  
  21  2:04  Stalker  
  23  2:14  Stalker  
  25  2:27  Assimilator  
  25  2:33  Stalker  
  27  2:47  Stalker  
  29  2:58  Stalker  
  29  3:02  Pylon  
  31  3:32  Stalker x2  
  35  3:38  Pylon  
  35  4:02  Stalker x3  
  39  4:30  Stalker x3  
Tags
 
Add a new tag
Caveats
  • Supply blocks, unpowered buildings, or Contaminate may cause inaccurate times.
  • Supply counts are checked every 10 seconds.